 Dungeon Crawl Stone Soup version 0.31-a0-750-gfe7b580527 (webtiles) character file.

Game seed: 8284222784818253700

46 cforsyth the Sneak (level 3, -4/30 HPs)
             Began as a Djinni Delver on Sept 14, 2023.
             Slain by an orc wizard
             ... wielding a +0 dagger
              (5 damage)
             ... on level 3 of the Dungeon.
             The game lasted 00:03:04 (1385 turns).

cforsyth the Sneak (Djinni Delver)                  Turns: 1385, Time: 00:03:04

Health: -4/30      AC:  1    Str: 11    XL:     3   Next: 92%
Gold:   9          EV: 11    Int: 13    God:
                   SH:  0    Dex: 14

rFire   + + .        a - +0 falchion
rCold   x . .        h - +0 buckler
rNeg    . . .        b - +0 leather armour
rPois   ∞            (no helmet)
rElec   .            (no cloak)
rCorr   .            (no gloves)
SInv    .            (boots unavailable)
Will    .....        (no amulet)
Stlth   +            (no ring)
HPRegen 0.25/turn    (no ring)
MPRegen 0.00/turn

%: infuse magic (-5 HP)
@: confused, flying, very slightly contaminated
A: sickness immunity, fire resistance 2, cold vulnerability 1, float, innate
caster, HP casting, extra vitality 1, deformed body
a: no special abilities


You were on level 3 of the Dungeon.
You visited 1 branch of the dungeon, and saw 4 of its levels.

You collected 9 gold pieces.

Inventory:

Hand Weapons
 a - a +0 falchion (weapon)
Armour
 b - a +0 leather armour (worn)
 h - a +0 buckler (worn)
Wands
 g - a wand of digging (3)
Scrolls
 c - 2 scrolls of fog
 d - a scroll of revelation
 e - a scroll of fear
 i - a scroll of identify {unknown}
 k - a scroll of teleportation {unknown}
Potions
 f - 2 potions of haste


   Skills:
 + Level 3.4 Fighting
 + Level 2.3 Long Blades
 + Level 2.8 Dodging
 + Level 4.4 Stealth


You knew the following spells:

 Your Spells              Type           Power      Damage    Failure   Level
a - Sandblast             Erth           0%         2d4       52%         1
Your spell library was empty.

Dungeon Overview and Level Annotations

Branches:
Dungeon (5/15)
 Temple: D:4-7

Altars:
Ashenzari
Nemelex Xobeh
Wu Jian
Yredelemnul
The Shining One

Shops:
D:3 [


Innate Abilities, Weirdness & Mutations

You are immune to sickness and miasma.
You are immune to poison.
Your flesh is very heat resistant. (rF++)
You are vulnerable to cold. (rC-)
You float through the air rather than walking.
You learn spells naturally, not from books.
Your magical power is your life essence.
You have superior vitality. (+4 MHP)
Armour fits poorly on your strangely shaped body.


Message History

You miscast Sandblast.
Nothing appears to happen.
Something hits you.
Casting: Sandblast (safe; 52% risk of failure)
Confirm with . or Enter, or press ? or * to list all spells.
Aiming: Sandblast (safe; 52% risk of failure)
Press: ? - help, Shift-Dir - straight line Something hits you.
Casting: Sandblast (safe; 52% risk of failure)
Confirm with . or Enter, or press ? or * to list all spells.
Aiming: Sandblast (safe; 52% risk of failure)
Press: ? - help, Shift-Dir - straight line You miscast Sandblast.
Nothing appears to happen.
Something hits you.
* * * LOW HITPOINT WARNING * * *
Casting: Sandblast (safe; 52% risk of failure)
Confirm with . or Enter, or press ? or * to list all spells.
Aiming: Sandblast (safe; 52% risk of failure)
Press: ? - help, Shift-Dir - straight line
* * * LOW HITPOINT WARNING * * *
Something barely misses you. Something hits you.
* * * LOW HITPOINT WARNING * * *
You hit something.
You hear some strange, mumbled words.
A puff of flame appears from out of thin air!
The puff of flame hits you. You resist.
* * * LOW HITPOINT WARNING * * *
You closely miss something.
You hear some strange, mumbled words.
You are confused.
It was a potion of mutation.
You feel extremely strange.
Your body twists and deforms.
Something hits you.
* * * LOW HITPOINT WARNING * * *
Something hits you.
* * * LOW HITPOINT WARNING * * *
Welcome back, cforsyth the Djinni Delver.
Press ? for a list of commands and other information.
Unknown command.
Unknown command.
Unknown command.
Something hits you.
You die...

.# ####'##### #.# .#
####'##### #.# .##
#........# #.# ..###
#........# #.# #...#
####....(...###.#
###.###.......##......#
###...'.......##.####.#
....###.......##.#..#.#
###.# #.........@.....#
#.# #...............#
###.# #......##)>.....#
....# #......###)####.#
##### #......# #)# #.#
######## #.# #.#
#.####.# #......#
########


There were no monsters in sight!

Vanquished Creatures
  2 adders (D:3)
  A worm (D:3)
  5 orcs (D:3)
  2 endoplasms
  A giant cockroach (D:3)
  2 goblins (D:3)
  A hobgoblin (D:4)
  3 ball pythons
  A bat (D:3)
  A kobold (D:3)
  A rat (D:3)
20 creatures vanquished.

Notes
Turn   | Place    | Note
-------+----------+-------------------------------------------
     0 | D:5      | cforsyth the Djinni Delver began the quest for the Orb.
     0 | D:5      | Reached XP level 1. HP: 20/20 MP: 0/0
    72 | D:4      | Noticed an orc wizard
   241 | D:3      | Reached XP level 2. HP: 13/25 MP: 0/0
   492 | D:3      | Found a sparkling altar of Nemelex Xobeh.
   504 | D:3      | Reached XP level 3. HP: 17/30 MP: 0/0
   504 | D:3      | Learned a level 1 spell: Sandblast
   679 | D:3      | Found Gisij's Antique Armour Shoppe.
   751 | D:3      | Found a basalt altar of Yredelemnul.
   754 | D:3      | Found an ornate altar of the Wu Jian Council.
   757 | D:3      | Found a glowing golden altar of the Shining One.
   757 | D:3      | Found a broken altar of Ashenzari.
  1383 | D:3      | Gained mutation: Armour fits poorly on your strangely
                  | shaped body. [potion of mutation]
  1383 | D:3      | HP: 1/30 [something (4)]
  1385 | D:3      | Slain by an orc wizard

Illustrated notes

Levels and vault maps discovered:
D:2:      layout_loops_ring, uniq_crazy_yiuf_cottage, uniq_sigmund
D:3:      layout_basic, nemelex_xobeh_ov_fountains_minmay,
          grunt_temple_overflow_open, serial_shops, shop
D:4:      layout_layer_cave, mainiacjoe_overflow_alcove_1, lemuel_doored_altar
D:5:      layout_basic, kennysheep_slug_shrine, lemuel_round_altar,
          minmay_manual_moon

Skill      XL: |  1 |
---------------+----+-----
Long Blades    | 2 |  2.3
Fighting       | |  3.4
Dodging        | |  2.8
Stealth        | |  4.4

Action                     || total
---------------------------++-------
  Melee: Falchion          ||    87
   Cast: Sandblast         ||     5
    Use: Potion            ||     3
   Stab: Sleeping          ||     3
 Armour: Leather armour    ||    68
  Dodge: Dodged            ||    57
  Block: Buckler           ||    13

Table legend: (Time is in decaauts)
 A = Elapsed time spent in this place.
 B = Non-inter-level travel time spent in this place.
 C = Inter-level travel time spent in this place.
 D = Time resting spent in this place.
 E = Time spent auto-exploring this place.
 F = Levels seen in this place.
 G = Mean time per level.
                   A        B        C        D        E       F      G
               +--------+--------+--------+--------+--------+-----+--------+
         Total |   1412 |   1371 |     41 |    345 |    715 |   4 |  353.0 |
       Dungeon |   1412 |   1371 |     41 |    345 |    715 |   4 |  353.0 |
               +--------+--------+--------+--------+--------+-----+--------+

Top non-repeatable levels by time:
     D:3: 1299 daAuts
     D:4: 52 daAuts
     D:5: 32 daAuts
     D:2: 28 daAuts
